AoeStats
← BangAverage

Four Lakes

508678684Analyzed
1v1 RM · 8d ago on Sep 23, 2026· 53m 34s· 2 players
Game mode
Random Map
Map size
Tiny (2 player)
Population
200
Speed
Normal
Resources
Standard
Victory
Conquest
Starting age
Dark Age
Ending age
Imperial Age
RankedLock teamsTeams togetherTeam positionsShared explorationLock speedFull tech treeHidden civsTurbo modeCheats
Victory
Defeat
🇬🇧 Aztecs · United Kingdom
458
+14
🇧🇪 Bulgarians · Belgium
409
-14
Stefke-19
12:57 Feudal Age
19:54 Castle Age
18:52 Horse Collar
24:51 Loom
28:45 Wheelbarrow
30:44 Gold Mining
30:51 Stone Mining
32:18 Bloodlines
32:09 Husbandry
31:32 Light Cavalry
32:13 Double-Bit Axe
32:48 Heavy Plow
33:45 Bow Saw
36:46 Hand Cart
41:16 Imperial Age
43:08 Gold Shaft Mining
42:42 Hussar
45:41 Scale Barding Armor
45:48 Forging
50:01 Iron Casting
49:52 Chain Barding Armor
50:29 Heavy Scorpion
53:07 Cavalier
BangAverage
12:00 Feudal Age
10:45 Loom
12:32 Double-Bit Axe
12:38 Fishing Lines
13:06 Horse Collar
16:50 Gold Mining
19:54 Castle Age
21:51 Town Watch
21:33 Pikeman
22:16 Squires
22:39 Forging
22:22 Fletching
22:33 Scale Mail Armor
24:59 Heavy Plow
25:13 Bow Saw
24:56 Stone Mining
25:07 Gillnets
25:14 Gillnets
27:01 Ballistics
31:05 Imperial Age
28:42 Town Patrol
30:46 Man-at-Arms
31:13 Gambesons
31:17 Arson
32:45 Iron Casting
32:07 Bodkin Arrow
33:10 Wheelbarrow
33:36 Long Swordsman
34:26 Two-Handed Swordsman
35:13 Champion
36:41 Conscription
36:10 Elite Skirmisher
38:46 Crop Rotation
39:57 Hand Cart
39:30 Treadmill Crane
41:53 Chemistry
41:45 Garland Wars
42:43 Elite Jaguar Warrior
44:59 Eagle Warrior
45:25 Gambesons
46:48 Blast Furnace
46:26 Atlatl
49:11 Chain Mail Armor
51:23 Plate Mail Armor
50:56 Bracer
Connection lost

Rejoining the realm…

Still unreachable

The connection could not be restored.

Session expired

The server has moved on; the page needs a fresh start.